 Dungeon Crawl Stone Soup version 0.29.1-2-gbd0b4ee654 (webtiles) character file.

Game seed: 12792285915915843194

14 qeuew the Vexing (level 2, 0/15 HPs)
             Began as a Deep Elf Enchanter on Nov 4, 2022.
             Succumbed to an adder's poison
             ... on level 2 of the Dungeon.
             The game lasted 00:02:31 (901 turns).

qeuew the Vexing (Deep Elf Enchanter)                Turns: 901, Time: 00:02:31

Health: 0/15       AC:  2    Str:  5    XL:     2   Next: 31%
Magic:  8/8        EV: 12    Int: 19    God:
Gold:   21         SH:  0    Dex: 15    Spells: 7/7 levels left

rFire   . . .      SeeInvis .   f - +1 dagger (elec)
rCold   . . .      Faith    .   (no shield)
rNeg    . . .      Spirit   .   b - +0 robe
rPois   .          Reflect  .   (no helmet)
rElec   .          Harm     .   (no cloak)
rCorr   .          Rampage  .   (no gloves)
Will    .....                   (no boots)
Stlth   +++.......              (no amulet)
HPRegen 0.05/turn               (no ring)
MPRegen 0.11/turn               (no ring)

@: lethally poisoned (0 -> -1), invisible
A: no striking features
a: no special abilities


You were on level 2 of the Dungeon.
You visited 1 branch of the dungeon, and saw 2 of its levels.

You collected 21 gold pieces.

Inventory:

Hand Weapons
 f - a +1 dagger of electrocution (weapon)
Armour
 b - a +0 robe (worn)
Scrolls
 a - a scroll of identify {unknown}
 d - a scroll of teleportation {unknown}
 e - a scroll of torment {unknown}
 g - 2 scrolls of magic mapping {unknown}
Potions
 c - a potion of invisibility


   Skills:
 * Level 1.1 Short Blades
 * Level 2.6 Dodging
 + Level 3.9 Stealth
 * Level 3.1 Spellcasting
 + Level 4.4 Hexes


You had 7 spell levels left.
You didn't know any spells.
Your spell library contained the following spells:

 Spells                   Type           Power      Damage    Failure   Level
 Confusing Touch          Hex            20%        N/A       7%          3
 Tukima's Dance           Hex            20%        N/A       7%          3
 Ensorcelled Hibernation  Hex/Ice        22%        N/A       9%          2
 Dazzling Flash           Conj/Hex       22%        N/A       19%         3
 Static Discharge         Conj/Air       3%         3-4/arc   22%         2
 Lightning Bolt           Conj/Air       1%         1d12      99%         5
 Maxwell's Capacitive Co  Air            1%         ∞         100%        8


Dungeon Overview and Level Annotations

Branches:
Dungeon (2/15)

Altars:

Shops:
D:1 (


Message History

No target in view!
No target in view!
No target in view!
You now have 21 gold pieces (gained 11).
An adder comes into view.
An adder is nearby!
The adder hisses angrily.
The adder bites you but does no damage. The adder bites you.
You hit the adder.
The adder is lightly wounded.
The adder bites you.
You miss the adder.
The adder is lightly wounded.
The adder closely misses you.
You hit the adder.
The adder is moderately wounded.
The adder barely misses you.
You hit the adder but do no damage.
The adder is moderately wounded.
The adder bites you.
You are poisoned.
The adder poisons you! The adder bites you but does no damage.
You closely miss the adder.
The adder is moderately wounded.
You feel sick. The adder misses you.
You miss the adder.
The adder is moderately wounded.
You feel sick. The adder closely misses you.
You are too injured to fight recklessly!
An adder is nearby!
You are too injured to fight recklessly!
You feel sick.
You fade into invisibility!
You feel sick. The adder bites you.
* * * LOW HITPOINT WARNING * * *
The adder bites you.
* * * LOW HITPOINT WARNING * * *
* * * LOW HITPOINT WARNING * * *
You feel sick.
You die...

#.####. ##
#...... ..# ...
#....###.# ..#
#....+...###.. #
#....#.......##.
#............
#.##.......#
#.##.......##
#@#.........#
#.#.........#
#S#.........#
#.#.........#
#.#.........#
#.#.........#
..#.........#
.####
##########.##
....
######'#######


You could see an adder (unable to see you).

Vanquished Creatures
  A ball python (D:2)
  2 bats (D:1)
  2 endoplasms
  A giant cockroach (D:1)
  A hobgoblin (D:1)
  A quokka (D:1)
  2 frilled lizards (D:1)
  2 goblins
  A rat (D:2)
13 creatures vanquished.

Notes
Turn   | Place    | Note
-------+----------+-------------------------------------------
     0 | D:1      | qeuew the Deep Elf Enchanter began the quest for the Orb.
     0 | D:1      | Reached XP level 1. HP: 10/10 MP: 6/6
   128 | D:1      | Found Vokeis's Weapon Shop.
   195 | D:1      | Found a faded altar of an unknown god.
   383 | D:1      | Reached XP level 2. HP: 9/15 MP: 8/8
   901 | D:2      | Succumbed to an adder's poison

Illustrated notes

Levels and vault maps discovered:
D:1:      dpeg_arrival_water_fire, layout_loops_ring, serial_shops,
          nicolae_shop_hallway_plus, ebering_ecumenical_altar_box
D:2:      layout_basic, basic_altar

Action                   || total
-------------------------++-------
Melee: Dagger            ||    42
  Use: Potion            ||     1
 Stab: Sleeping          ||     5
Armor: Robe              ||    12
Dodge: Dodged            ||    25
